 Dungeon Crawl Stone Soup version 0.20.1-1-g8b1a95d (webtiles) character file.

346992 Starchild the Sharpshooter (level 23, -12/140 HPs)
             Began as a Kobold Berserker on July 27, 2017.
             Was the Champion of Trog.
             Killed from afar by a fire giant (39 damage)
             ... with a fireball
             ... on level 4 of the Vaults on July 29, 2017.
             The game lasted 07:02:48 (49696 turns).

Starchild the Sharpshooter (Kobold Berserker)      Turns: 49696, Time: 07:02:49

Health: -12/140    AC: 27    Str: 18    XL:     23   Next: 14%
Magic:  33/33      EV: 33    Int: 19    God:    Trog [******]
Gold:   474        SH: 21    Dex: 31    Spells: 22/22 levels left

rFire    x . .     SeeInvis +   l - +9 demon blade (slice)
rCold    + . .     Gourm    .   j - +2 shield "Hikousche" {+Fly rF- rCorr Dex+8}
rNeg     . . .     Faith    .   A - quicksilver dragon scales of Disaster {MR+ Dex+3 Slay+3}
rPois    +         Spirit   .   K - +2 hat
rElec    +         Reflect  +   D - +1 cloak of Starlight {rElec rC+ EV+4 Stlth--}
rCorr    +         Harm     .   s - +2 pair of gloves
MR       +++++                  z - +2 pair of boots
Stlth    +.........             r - amulet "Voiph" {Reflect Int+5 SH+4}
Regen    1.8/turn               L - ring of Due Proportion {rPois MR+ Slay+2 Stlth+}
MPRegen  0.3/turn               C - ring of the Mage {Wiz MR++ Int+3}

@: very slightly contaminated, regenerating
A: yellow scales 1, see invisible, carnivore 3, clever 1, regeneration 1,
screaming 1, electricity resistance
}: 2/15 runes: serpentine, barnacled
a: Berserk, Trog's Hand, Brothers in Arms, Burn Spellbooks, Renounce Religion,
Evoke Flight


You were on level 4 of the Vaults.
You worshipped Trog.
Trog was exalted by your worship.
You were full.

You visited 8 branches of the dungeon, and saw 38 of its levels.
You also visited: Labyrinth, Trove, Ossuary, Bailey and Ice Cave.

You collected 4054 gold pieces.
You spent 3580 gold pieces at shops.

Inventory:

Hand Weapons
 l - a +9 demon blade of slicing (weapon)
 n - a +9 hand crossbow of flaming
Missiles
 d - 57 tomahawks (quivered)
 h - 1110 bolts
Armour
 j - the +2 shield "Hikousche" (worn) {+Fly rF- rCorr Dex+8}
   (You found it in a labyrinth)

   It affects your dexterity (+8).
   It makes you vulnerable to fire.
   It lets you fly.
   It protects you from acid and corrosion.
 s - a +2 pair of gloves (worn)
 z - a +2 pair of boots (worn)
 A - the quicksilver dragon scales of Disaster (worn) {MR+ Dex+3 Slay+3}
   (You found it in a bailey)

   It affects your dexterity (+3).
   It affects your accuracy and damage with ranged weapons and melee attacks
   (+3).
   It affects your resistance to hostile enchantments.
 D - the +1 cloak of Starlight (worn) {rElec rC+ EV+4 Stlth--}
   (You bought it in a shop on level 2 of the Orcish Mines)

   It affects your evasion (+4).
   It protects you from cold.
   It insulates you from electricity.
   It makes you much less stealthy.
 K - a +2 hat (worn)
Jewellery
 q - the ring "Omeobyk" {+Fly rPois MR+ Int-2 Dex+2}
   (You found it in a treasure trove)

   [ring of protection from magic]

   It affects your intelligence (-2).
   It affects your dexterity (+2).
   It protects you from poison.
   It affects your resistance to hostile enchantments.
   It lets you fly.
 r - the amulet "Voiph" (around neck) {Reflect Int+5 SH+4}
   (You found it in a treasure trove)

   [amulet of reflection]

   It shields you and reflects attacks.
   It affects your intelligence (+5).
   It affects your SH (+4).
 C - the ring of the Mage (right hand) {Wiz MR++ Int+3}
   (You bought it in a shop on level 2 of the Orcish Mines)

   [ring of wizardry]

   It improves your spell success rate.
   It affects your intelligence (+3).
   It affects your resistance to hostile enchantments.
 H - the amulet of Conversion {Spirit Str+4}
   (You found it on level 3 of the Vaults)

   [amulet of guardian spirit]

   It causes incoming damage to be split between your health and magic.
   It affects your strength (+4).
 L - the ring of Due Proportion (left hand) {rPois MR+ Slay+2 Stlth+}
   (You acquired it on level 15 of the Dungeon)

   [ring of protection from magic]

   It affects your accuracy and damage with ranged weapons and melee attacks
   (+2).
   It protects you from poison.
   It affects your resistance to hostile enchantments.
   It makes you more stealthy.
 Y - the ring of Gatreab {rPois AC+4}
   (You found it in a treasure trove)

   [ring of protection]

   It affects your AC (+4).
   It protects you from poison.
Wands
 a - a wand of acid (5/15)
 e - a wand of digging (13/24)
 i - a wand of iceblast (1/15)
 B - a wand of polymorph (10/24)
 M - a wand of paralysis (3/24)
 N - a wand of scattershot (0/9)
 T - a wand of disintegration (15/24)
 U - a wand of lightning (12/15)
 W - a wand of confusion (22/48)
 X - a wand of clouds (0/9)
Scrolls
 g - 11 scrolls of remove curse
 p - 5 scrolls of enchant armour
 t - 10 scrolls of teleportation
 y - 4 scrolls of magic mapping
 Q - a scroll of blinking
 R - 5 scrolls of fog
 S - a scroll of fear
Potions
 b - 3 potions of lignification
 f - 13 potions of curing
 k - a potion of magic
 m - 4 potions of mutation
 o - 3 potions of agility
 w - 4 potions of might
 E - 3 potions of cancellation
 F - 2 potions of resistance
 I - 7 potions of haste
 P - 3 potions of invisibility
 Z - 3 potions of flight
Miscellaneous
 u - a phantom mirror
 G - a lamp of fire (inert)
Comestibles
 c - 10 meat rations
 v - 14 royal jellies


   Skills:
 + Level 13.0 Fighting
   Level 14.3(18.4) Short Blades
 - Level 13.2(14.3) Long Blades
 - Level 18.0 Crossbows
 - Level 12.5 Throwing
 - Level 11.2 Armour
 - Level 14.2 Dodging
 - Level 13.0 Shields
 - Level 14.6 Evocations


You had 22 spell levels left.
You didn't know any spells.

Dungeon Overview and Level Annotations

Branches:
Dungeon (15/15)            Temple (0/1) D:5            Lair (6/6) D:11
 Shoals (4/4) Lair:4        Snake (4/4) Lair:4        Slime (1/5) Lair:6
    Orc (2/2) D:10            Elf (0/3) Orc:2        Vaults (4/5) D:13
  Crypt (0/3) Vaults:2     Depths (2/5) D:15

Altars:
Ashenzari
Cheibriados
Nemelex Xobeh
Okawaru
Ru
Trog
Uskayaw
Xom
Yredelemnul

Shops:
D:13 ?   Orc:2 [?[}?=:   Snake:1 *   Snake:4 (   Depths:1 }=}

Portals:
Hell: Depths:1
Pandemonium: Depths:1

Annotations:
D:14 8 runed doors
Lair:1 exclusion: 3 oklob plants
Snake:3 Exporg's ghost, adept MiFi
Depths:2 Saint Roka


Innate Abilities, Weirdness & Mutations

You are small and have problems with some larger weapons.
You are carnivorous and can eat meat at any time.
You are partially covered in yellow scales. (AC +2)
You have supernaturally acute eyesight. (SInv)
Your mind is acute. (Int +2)
Your natural rate of healing is unusually fast.
You occasionally shout uncontrollably at your foes.
You are resistant to electric shocks. (rElec)


Message History

Okay, then.
Blink to where?
Press: ? - help, Dir - move target cursor, p - crystal guardian You are very lightly contaminated with residual magic.
As you read the scroll of blinking, it crumbles to dust.
A freezing wraith comes into view.
The crystal guardian glitters, brittle, in the dim dungeon light.
The crystal guardian fires a crystalline bolt at you.
The crystal bolt misses you.
You feel better.
You feel better.
The vault sentinel blows a loud note on a signal horn!
Evoke which item? (* to show all) (? for menu, Esc to quit)
Aiming: Cloud Cone
Press: ? - help, Dir - move target cursor You create a blast of flame!
This wand has 0 charges left.
The fire giant is engulfed in blazing flames.
The fire giant gestures at you while chanting.
The fireball explodes!
The fireball engulfs you! The fire burns you terribly!
You die...

...(...............
.((()(...(..............
)...).(p.(..............
.......p...§§...........
......(c.p.§§§..........
.........(.§8§§.........
..........pC§§§.........
..........c§§§§§..W.....
............)§§§@.......
########+####+##########
#..........#
#..........#
#..........#
#.....>....#
#..........#########
#.........)#.......#
#..........[.).....#


You could see a fire giant, a vault warden, a crystal guardian, a vault
sentinel, a yaktaur and a freezing wraith.

Vanquished Creatures
  Boris (Vaults:3)
  Vashnia (Snake:2)
  Rupert (Lair:5)
  An acid blob (Lair:6)
  2 sphinxes
  2 storm dragons
  3 tengu reavers
  6 nagarajas
  A fire giant (Vaults:3)
  A frost giant (IceCv)
  A deep elf sorcerer (Vaults:1)
  7 vault wardens
  12 ironheart preservers
  6 very ugly things
  4 stone giants
  An entropy weaver (Vaults:2)
  A vampire knight (Depths:1)
  4 merfolk javelineers
  2 deep elf death magi
  A minotaur (Lab)
  2 ettins (Depths:1)
  An eidolon (Vaults:2)
  A small abomination (Vaults:1)
  3 merfolk impalers (Shoals:4)
  Josephine (Lair:4)
  2 great orbs of eyes (Vaults:2)
  12 ogre magi
  3 rakshasas
  3 yaktaur captains
  9 vault guards
  6 hydras
  20 naga warriors
  4 ice dragons
  2 merfolk avatars (Shoals:3)
  5 anacondas
  Erica (D:8)
  37 two-headed ogres
  13 centaur warriors
  5 death knights
  3 deep troll earth magi
  22 naga sharpshooters
  An orc high priest (Orc:2)
  4 tengu warriors
  2 deep troll shamans (Vaults:3)
  5 death yaks
  A shock serpent (shapeshifter) (Vaults:1)
  The ghost of PeterLawrence the Basher, a novice MiFi (Bailey)
  5 shock serpents
  6 hell knights (Depths:1)
  5 deep elf knights
  4 salamander mystics
  3 unseen horrors
  10 sea snakes
  8 skeletal warriors
  6 naga ritualists
  4 flayed ghosts
  2 wizards
  2 glowing orange brains (Depths:1)
  10 deep trolls
  2 phantasmal warriors
  4 deep elf archers (Vaults:1)
  12 harpies
  A golden dragon skeleton (Depths:1)
  Pikel (D:6)
  10 deep elf magi
  4 necromancers
  12 ironbrand convokers
  The ghost of SmokeFace the Spear-Bearer, a novice MfSk of Okawaru (D:5)
  The ghost of SeriousVitamin the Arsonist, a novice DEFE (D:8)
  A frost giant zombie (Vaults:1)
  7 orc sorcerers
  12 mana vipers
  8 cyclopes
  15 orc knights
  45 ugly things
  10 manticores
  7 wolf spiders
  A sphinx skeleton (Depths:1)
  9 salamanders
  A spriggan zombie (Depths:1)
  11 elephants
  Joseph (D:8)
  2 water nymphs (Shoals:4)
  A centaur zombie (D:15)
  36 black mambas
  3 merfolk sirens (Shoals:4)
  4 guardian serpents
  14 naga magi
  7 vault sentinels
  An ice statue (IceCv)
  A gargoyle (D:14)
  29 spiny frogs
  8 freezing wraiths
  An efreet (D:14)
  2 rime drakes
  An entropy weaver simulacrum (Vaults:2)
  3 komodo dragons
  19 yaktaurs
  A tengu conjurer (D:15)
  A human skeleton (Vaults:1)
  A spriggan skeleton (Depths:1)
  12 merfolk
  A hornet (shapeshifter) (Vaults:2)
  5 wind drakes
  9 polar bears
  A troll (shapeshifter) (Depths:1)
  4 hornets
  4 slime creatures
  4 tyrant leeches (Lair:6)
  13 hippogriffs
  A harpy skeleton (D:14)
  8 trolls
  A blink frog (shapeshifter) (Vaults:3)
  Prince Ribbit (D:6)
  A stone giant simulacrum (Vaults:1)
  28 blink frogs
  4 snapping turtles
  An ettin skeleton (Depths:1)
  A centaur simulacrum (D:14)
  7 redbacks
  A spriggan (shapeshifter) (Vaults:2)
  6 spriggans
  A shadow (D:15)
  31 yaks
  11 wraiths
  4 hogs (D:8)
  Eustachio (D:6)
  A fire bat (shapeshifter) (Depths:1)
  6 water elementals
  9 basilisks
  4 wyverns
  A human (D:8)
  A hungry ghost (D:10)
  15 vampire mosquitoes
  Menkaure (D:6)
  72 nagas
  4 wargs
  3 acid dragons
  19 water moccasins
  11 ice beasts
  7 porcupines
  2 black bears
  A slave (D:5)
  2 eyes of draining
  A necrophage (D:8)
  The ghost of Terandir the Shield-Bearer, an amateur MiFi (D:4)
  An eye of draining (shapeshifter) (D:15)
  4 sky beasts
  38 ogres
  36 orc warriors
  2 phantoms
  23 boggarts
  25 wolves
  17 centaurs
  Blork the orc (D:4)
  A big kobold (D:8)
  25 crocodiles
  6 gnoll sergeants
  22 bullfrogs
  An ogre simulacrum (Vaults:1)
  9 scorpions
  2 wyvern skeletons (D:14)
  A water moccasin skeleton (D:6)
  10 killer bees
  2 electric eels
  A troll skeleton (Lab)
  14 wights
  4 howler monkeys
  4 lava snakes (Lab)
  8 crimson imps
  A bullfrog zombie (D:5)
  6 jellies
  Crazy Yiuf (D:6)
  5 gnoll shamans
  9 hounds
  23 orc priests
  8 iguanas
  An iron imp (Depths:1)
  26 orc wizards
  Jessica (D:2)
  8 centaur skeletons
  Natasha (thrice) (D:2)
  6 worker ants
  A hound skeleton (D:6)
  2 mummies (Ossuary)
  Robin (D:2)
  A worker ant zombie (D:11)
  28 gnolls
  17 adders
  4 shadow imps
  2 oozes
  3 adder zombies (Ossuary)
  4 adder skeletons
  4 worms
  10 leopard geckos
  75 orcs
  A ball python (Snake:3)
  11 bats
  2 giant cockroaches (D:1)
  12 hobgoblins
  11 jackals
  20 kobolds
  7 quokkas
  12 frilled lizards
  4 gnoll zombies (Ossuary)
  17 goblins
  2 hobgoblin zombies (Ossuary)
  A jackal skeleton (D:7)
  3 kobold zombies (Ossuary)
  A leopard gecko skeleton (D:4)
  5 orc zombies (Ossuary)
  14 rats
  7 fungi
  A plant (Lair:2)
1563 creatures vanquished.

Vanquished Creatures (collateral kills)
  Sojobo (Vaults:3)
  A vault warden (Vaults:1)
  A merfolk impaler (Shoals:4)
  An anaconda (Snake:2)
  2 naga warriors
  2 orc high priests (Orc:2)
  2 death yaks (IceCv)
  A naga sharpshooter (Snake:4)
  3 deep trolls (Vaults:2)
  A deep elf mage (Vaults:2)
  A manticore (D:13)
  2 salamanders
  2 naga magi
  A vault sentinel (Vaults:1)
  2 spiny frogs (Lair:6)
  5 polar bears (IceCv)
  A wind drake (Shoals:4)
  A blink frog (Lair:6)
  6 yaks (IceCv)
  4 nagas (Snake:4)
  A wolf (IceCv)
  2 bullfrogs (Lair:6)
  3 gnoll sergeants (Bailey)
  2 gnoll shamans (Bailey)
  2 gnolls (Bailey)
  An orc (D:13)
51 creatures vanquished.

Vanquished Creatures (others)
  A vampire knight (Vaults:2)
  2 yaktaur captains
  A death yak (IceCv)
  A centaur warrior (Vaults:1)
  A two-headed ogre (Vaults:1)
  2 naga sharpshooters (Snake:4)
  2 deep elf archers
  An orc knight (Vaults:1)
  A cyclops (Vaults:1)
  A vault sentinel (Vaults:1)
  8 yaktaurs
  A yak (IceCv)
  A naga (Snake:3)
  2 slaves (D:6)
  2 centaurs (Vaults:3)
  2 wolves (IceCv)
  A boggart (Depths:1)
  A bullfrog (D:6)
  A wight (D:6)
  An orc wizard (Orc:2)
  2 orc priests (Orc:2)
  3 orcs
  18 fungi
  67 plants
123 creatures vanquished.

Grand Total: 1737 creatures vanquished

Notes
Turn   | Place    | Note
-------+----------+-------------------------------------------
     0 | D:1      | Starchild the Kobold Berserker began the quest for the Orb.
     0 | D:1      | Reached XP level 1. HP: 14/14 MP: 1/1
   211 | D:1      | Reached XP level 2. HP: 12/19 MP: 2/2
   361 | D:1      | Reached skill level 5 in Short Blades
   824 | D:1      | Reached XP level 3. HP: 22/23 MP: 3/3
  1131 | D:2      | Found a sparkling altar of Nemelex Xobeh.
  1154 | D:2      | Reached ** piety under Trog
  1193 | D:2      | Reached XP level 4. HP: 28/28 MP: 4/4
  1247 | D:2      | Noticed Robin
  1277 | D:2      | Killed Robin
  1349 | D:2      | Noticed Natasha
  1356 | D:2      | Killed Natasha
  1356 | D:2      | Reached XP level 5. HP: 13/32 MP: 5/5
  1743 | D:2      | Noticed Jessica
  1757 | D:2      | Killed Jessica
  1840 | D:2      | Noticed Natasha
  1848 | D:2      | Killed Natasha
  2005 | D:2      | Noticed Natasha
  2018 | D:2      | Killed Natasha
  2018 | D:2      | Reached XP level 6. HP: 37/37 MP: 6/6
  2314 | D:3      | Reached *** piety under Trog
  2507 | D:3      | Found an iron altar of Okawaru.
  2507 | D:3      | Found a basalt altar of Yredelemnul.
  2511 | D:3      | Found a sacrificial altar of Ru.
  2511 | D:3      | Found a bloodstained altar of Trog.
  2553 | D:3      | Found a shattered altar of Ashenzari.
  2865 | D:3      | Reached XP level 7. HP: 41/41 MP: 7/7
  2877 | D:3      | Reached skill level 10 in Short Blades
  3442 | D:3      | Reached **** piety under Trog
  3668 | D:4      | Noticed Blork the orc
  3677 | D:4      | Killed Blork the orc
  3904 | D:4      | Reached XP level 8. HP: 46/46 MP: 8/8
  4141 | D:4      | Noticed Terandir's ghost (amateur MiFi)
  4153 | D:4      | Killed Terandir's ghost
  4343 | D:5      | Entered Level 5 of the Dungeon
  4343 | D:5      | Found a staircase to the Ecumenical Temple.
  4394 | D:5      | Got a scorched whip
  4824 | D:5      | Found a hide-covered altar of Uskayaw.
  4862 | D:5      | Noticed SmokeFace's ghost (novice MfSk)
  4900 | D:5      | Killed SmokeFace's ghost
  4900 | D:5      | Reached XP level 9. HP: 48/51 MP: 9/9
  5146 | D:6      | Noticed Eustachio
  5160 | D:6      | Noticed Pikel
  5208 | D:6      | Noticed Prince Ribbit
  5338 | D:6      | Noticed Menkaure
  5347 | D:6      | Killed Menkaure
  5726 | D:6      | Killed Prince Ribbit
  5726 | D:6      | Reached skill level 10 in Dodging
  5767 | D:6      | Killed Pikel
  5867 | D:6      | Killed Eustachio
  6013 | D:6      | Identified the +8 whip of Supply {pain, Fragile rC+ Str+4 Int+6} (You found it on level 5 of the Dungeon)
  6077 | D:6      | Reached XP level 10. HP: 56/56 MP: 10/10
  6087 | D:6      | Reached skill level 5 in Throwing
  6633 | D:6      | Found a runed door.
  6637 | D:6      | Noticed Crazy Yiuf
  6653 | D:6      | Killed Crazy Yiuf
  6661 | D:6      | Got a crystal mace
  6662 | D:6      | Identified the +10 mace "Murmur" {venom, rC++} (You found it on level 6 of the Dungeon)
  6786 | D:7      | Found a sand-covered staircase.
  6859 | Ossuary  | Entered an ossuary
  6943 | Ossuary  | Reached ***** piety under Trog
  7486 | D:7      | Noticed a two-headed ogre
  7496 | D:7      | Killed a two-headed ogre
  7557 | D:8      | Gained mutation: Your magical capacity is low. (-10% MP) [potion of mutation]
  7557 | D:8      | Gained mutation: You have a pair of small horns on your head. [potion of mutation]
  7558 | D:8      | Lost mutation: Your magical capacity is low. (-10% MP) [potion of mutation]
  7558 | D:8      | Lost mutation: You have a pair of small horns on your head. [potion of mutation]
  7558 | D:8      | Gained mutation: You are resistant to hostile enchantments. (MR+) [potion of mutation]
  7558 | D:8      | Gained mutation: Your muscles are strong. (Str +2) [potion of mutation]
  7558 | D:8      | Gained mutation: Your body sometimes deteriorates upon taking damage. [potion of mutation]
  7558 | D:8      | Gained mutation: You have large cloven feet. [potion of mutation]
  7643 | D:8      | Noticed Joseph
  7703 | D:8      | Killed Joseph
  7807 | D:8      | Noticed SeriousVitamin's ghost (novice DEFE)
  7818 | D:8      | Killed SeriousVitamin's ghost
  8107 | D:8      | Noticed Erica
  8149 | D:8      | Killed Erica
  8149 | D:8      | Reached XP level 11. HP: 55/71 MP: 11/11
  8345 | D:8      | Received a gift from Trog
  8714 | D:8      | Reached skill level 10 in Fighting
  9139 | D:8      | Found a snail-covered altar of Cheibriados.
  9328 | D:9      | Reached skill level 1 in Evocations
  9490 | D:9      | Found a shimmering altar of Xom.
  9981 | D:9      | Reached skill level 5 in Evocations
 10049 | D:9      | Lost mutation: Your body sometimes deteriorates upon taking damage. [potion of mutation]
 10049 | D:9      | Lost mutation: Your muscles are strong. (Str +2) [potion of mutation]
 10049 | D:9      | Lost mutation: You are resistant to hostile enchantments. (MR+) [potion of mutation]
 10049 | D:9      | Lost mutation: You have large cloven feet. [potion of mutation]
 10049 | D:9      | Gained mutation: Your mind is acute. (Int +2) [potion of mutation]
 10049 | D:9      | Gained mutation: Your magical capacity is low. (-10% MP) [potion of mutation]
 10049 | D:9      | Gained mutation: Your spells are a little harder to cast, but a little more powerful. [potion of mutation]
 10050 | D:9      | Lost mutation: Your magical capacity is low. (-10% MP) [potion of mutation]
 10050 | D:9      | Lost mutation: Your spells are a little harder to cast, but a little more powerful. [potion of mutation]
 10050 | D:9      | Gained mutation: Your spells are a little harder to cast, but a little more powerful. [potion of mutation]
 10050 | D:9      | Gained mutation: You have sharp toenails. [potion of mutation]
 10051 | D:9      | Lost mutation: Your mind is acute. (Int +2) [potion of mutation]
 10051 | D:9      | Lost mutation: Your spells are a little harder to cast, but a little more powerful. [potion of mutation]
 10051 | D:9      | Lost mutation: You have sharp toenails. [potion of mutation]
 10051 | D:9      | Gained mutation: You evolve. [potion of mutation]
 10051 | D:9      | Gained mutation: Your spells are a little harder to cast, but a little more powerful. [potion of mutation]
 10051 | D:9      | Gained mutation: You are agile. (Dex +2) [potion of mutation]
 10051 | D:9      | Gained mutation: You are partially covered in yellow scales. (AC +2) [potion of mutation]
 10091 | D:10     | Entered Level 10 of the Dungeon
 10451 | D:10     | Found a staircase to the Orcish Mines.
 10926 | D:10     | Gained mutation: Your spells are harder to cast, but more powerful. [mutagenic meat]
 11094 | D:10     | Gained mutation: You are robust. (+10% HP) [evolution]
 11256 | D:10     | Reached XP level 12. HP: 71/86 MP: 18/18
 11781 | D:11     | Found a frozen archway.
 11788 | IceCv    | Entered an ice cave
 11818 | IceCv    | Reached skill level 10 in Evocations
 12131 | IceCv    | Received a gift from Trog
 13810 | IceCv    | Reached skill level 5 in Armour
 13977 | IceCv    | Noticed a death yak
 13991 | IceCv    | Noticed a death yak
 14009 | IceCv    | Killed a death yak
 14024 | IceCv    | Killed a death yak
 14425 | IceCv    | Noticed a frost giant
 14425 | IceCv    | Noticed a death yak
 14448 | IceCv    | Killed a death yak
 14803 | IceCv    | Killed a frost giant
 14803 | IceCv    | Reached XP level 13. HP: 66/92 MP: 20/20
 15091 | D:11     | Reached skill level 1 in Crossbows
 15112 | D:11     | Reached skill level 2 in Crossbows
 15374 | D:11     | Found a staircase to the Lair.
 15411 | D:11     | Received a gift from Trog
 15611 | Lair:1   | Entered Level 1 of the Lair of Beasts
 15724 | Lair:1   | Reached skill level 9 in Crossbows
 15724 | Lair:1   | Reached XP level 14. HP: 96/96 MP: 21/21
 18182 | Lair:3   | Reached skill level 10 in Crossbows
 18374 | Lair:3   | Lost mutation: You evolve. [evolution]
 18460 | Lair:3   | Received a gift from Trog
 18728 | Lair:3   | Got a topaz-studded leather armour
 19651 | D:2      | Found a shimmering altar of Xom.
 19687 | D:2      | Identified the +2 leather armour of Joshruis {rCorr Str+5 Int-5 Stlth+} (You found it on level 3 of the Lair of Beasts)
 19979 | Orc:1    | Entered Level 1 of the Orcish Mines
 20753 | Orc:2    | Entered Level 2 of the Orcish Mines
 21029 | Orc:2    | Found a staircase to the Elven Halls.
 21227 | Orc:2    | Found Kienoitt's Armour Emporium.
 21288 | Orc:2    | Received a gift from Trog
 21301 | Orc:2    | Found Decsifyh's Antique Armour Emporium.
 21398 | Orc:2    | Found Otygeu's Magic Scroll Emporium.
 21684 | Orc:2    | Paralysed by an orc sorcerer for 7 turns
 21696 | Orc:2    | Received a gift from Trog
 21737 | Orc:2    | Reached skill level 11 in Crossbows
 21895 | Orc:2    | Reached XP level 15. HP: 78/102 MP: 22/22
 22021 | Orc:2    | Gained mutation: You are occasionally teleported next to monsters. [a neqoxec]
 22065 | Orc:2    | Found Momnurhyfo's Book Boutique.
 22065 | Orc:2    | Found Koaky's Gadget Shoppe.
 22068 | Orc:2    | Found Juner Ypuliz's Jewellery Boutique.
 22068 | Orc:2    | Found Utinn's Magic Scroll Shoppe.
 22093 | Orc:2    | Bought the ring of the Mage {Wiz MR++ Int+3} for 723 gold pieces
 22254 | Orc:2    | Bought the +1 cloak of Starlight {rElec rC+ EV+4 Stlth--} for 1112 gold pieces
 22254 | Orc:2    | Bought a pearl-encrusted ring mail for 225 gold pieces
 22317 | Orc:2    | Bought a scroll of identify for 28 gold pieces
 22317 | Orc:2    | Identified the +1 ring mail "Ommeoscheix" {+Inv} (You bought it in a shop on level 2 of the Orcish Mines)
 22376 | Orc:1    | Reached skill level 12 in Crossbows
 22481 | Orc:2    | Received a gift from Trog
 22577 | D:12     | Found a labyrinth entrance.
 22731 | Lab      | Entered a labyrinth
 23192 | Lab      | Identified the +2 shield "Hikousche" {+Fly rF- rCorr Dex+8} (You found it in a labyrinth)
 23347 | D:12     | Reached skill level 13 in Crossbows
 23743 | D:12     | Lost mutation: You are agile. (Dex +2) [potion of mutation]
 23743 | D:12     | Lost mutation: Your spells are harder to cast, but more powerful. [potion of mutation]
 23743 | D:12     | Lost mutation: You are occasionally teleported next to monsters. [potion of mutation]
 23743 | D:12     | Lost mutation: You are robust. (+10% HP) [potion of mutation]
 23743 | D:12     | Lost mutation: Your spells are a little harder to cast, but a little more powerful. [potion of mutation]
 23743 | D:12     | Gained mutation: You have supernaturally acute eyesight. (SInv) [potion of mutation]
 23743 | D:12     | Gained mutation: You are resistant to electric shocks. (rElec) [potion of mutation]
 23953 | D:12     | Gained mutation: Your mind is acute. (Int +2) [mutagenic meat]
 23954 | D:12     | Gained mutation: Your natural rate of healing is unusually fast. [mutagenic meat]
 24129 | D:13     | Found a flagged portal.
 24150 | Bailey   | Entered a bailey
 24152 | Bailey   | Noticed PeterLawrence's ghost (novice MiFi)
 24177 | Bailey   | Killed PeterLawrence's ghost
 24392 | Bailey   | Reached skill level 14 in Crossbows
 24424 | Bailey   | Received a gift from Trog
 24425 | Bailey   | Got agate-encrusted quicksilver dragon scales
 24451 | Bailey   | Identified the quicksilver dragon scales of Disaster {MR+ Dex+3 Slay+3} (You found it in a bailey)
 24516 | Bailey   | Received a gift from Trog
 24869 | D:13     | Found a gate to the Vaults.
 25001 | D:13     | Found Lymamy's Magic Scroll Emporium.
 25100 | D:14     | Reached skill level 15 in Crossbows
 25109 | D:14     | Received a gift from Trog
 25186 | D:14     | Found a large runed door.
 25187 | D:14     | Found a large runed door.
 25188 | D:14     | Noticed a tengu reaver
 25192 | D:14     | Found a large runed door.
 25457 | D:14     | Found a large runed door.
 25462 | D:14     | Found a large runed door.
 25462 | D:14     | Found a large runed door.
 25579 | D:14     | Reached skill level 16 in Crossbows
 25868 | D:14     | Reached XP level 16. HP: 99/99 MP: 23/23
 25882 | D:14     | Found a large runed door.
 25999 | D:14     | Found a large runed door.
 26189 | D:15     | Entered Level 15 of the Dungeon
 26254 | D:15     | Received a gift from Trog
 26304 | D:15     | Reached skill level 17 in Crossbows
 26396 | D:15     | Identified a scroll of acquirement
 26398 | D:15     | Got a shimmering wooden ring
 26401 | D:15     | Identified the ring of Due Proportion {rPois MR+ Slay+2 Stlth+} (You acquired it on level 15 of the Dungeon)
 26695 | D:15     | Received a gift from Trog
 26724 | D:15     | Found a staircase to the Depths.
 26861 | D:15     | Reached skill level 18 in Crossbows
 27195 | D:15     | Reached skill level 10 in Armour
 27209 | D:15     | Received a gift from Trog
 27725 | Lair:4   | Found a staircase to the Snake Pit.
 27807 | Lair:4   | Found a staircase to the Shoals.
 28050 | Lair:4   | Got a smoking scale mail
 28052 | Lair:4   | Identified the +1 scale mail of the Storm King {Dex+6} (You found it on level 4 of the Lair of Beasts)
 28131 | Lair:4   | Received a gift from Trog
 28407 | Lair:4   | Noticed Josephine
 28410 | Lair:4   | Killed Josephine
 28626 | Snake:1  | Entered Level 1 of the Snake Pit
 28650 | Snake:1  | Identified the Tome of Creative Hexes
 28806 | Snake:3  | Noticed Exporg's ghost (adept MiFi)
 28810 | Snake:3  | Received a gift from Trog
 28812 | Snake:3  | Reached XP level 17. HP: 92/104 MP: 24/24
 29264 | Snake:1  | Found Ceibe's General Store.
 29838 | Snake:2  | Noticed Vashnia
 30182 | Snake:2  | Killed Vashnia
 30750 | Snake:3  | Reached skill level 1 in Shields
 31003 | Snake:2  | Received a gift from Trog
 31303 | Snake:2  | Received a gift from Trog
 31407 | Snake:3  | Reached skill level 5 in Shields
 31641 | Snake:3  | Reached XP level 18. HP: 74/108 MP: 25/25
 32020 | Snake:4  | Entered Level 4 of the Snake Pit
 32245 | Snake:4  | Found Optianer's Antique Weapon Emporium.
 32716 | Snake:4  | Received a gift from Trog
 32992 | Snake:4  | Identified the +6 spear "Juatt" {flame, +Rage rElec rF++ MR-} (Trog gifted it to you on level 4 of the Snake Pit)
 33118 | Snake:4  | Reached skill level 10 in Shields
 33502 | Snake:4  | Received a gift from Trog
 33518 | Snake:4  | Got a serpentine rune of Zot
 33757 | Snake:1  | Reached XP level 19. HP: 113/113 MP: 26/26
 33793 | Shoals:1 | Entered Level 1 of the Shoals
 34017 | Shoals:4 | Entered Level 4 of the Shoals
 34226 | Shoals:4 | Received a gift from Trog
 34706 | Shoals:4 | Got a barnacled rune of Zot
 35527 | Snake:4  | Bought a glowing hand crossbow for 214 gold pieces
 35753 | Vaults:1 | Entered Level 1 of the Vaults
 35803 | Vaults:1 | Reached skill level 1 in Long Blades
 36637 | Lair:5   | Noticed Rupert
 36656 | Lair:5   | Killed Rupert
 37037 | Lair:6   | Entered Level 6 of the Lair of Beasts
 37094 | Lair:6   | Received a gift from Trog
 37118 | Lair:6   | Reached skill level 5 in Long Blades
 37351 | Lair:6   | Identified the Disquisition on Cold
 37440 | Lair:6   | Reached ****** piety under Trog
 37603 | Lair:6   | Found a staircase to the Slime Pits.
 37659 | Lair:6   | Received a gift from Trog
 37846 | Lair:6   | Reached XP level 20. HP: 119/119 MP: 27/27
 37849 | Lair:6   | Received a gift from Trog
 38603 | Slime:1  | Entered Level 1 of the Pits of Slime
 38617 | Slime:1  | Gained mutation: You occasionally shout uncontrollably at your foes. [a shining eye]
 39057 | Depths:1 | Entered Level 1 of the Depths
 39505 | Depths:1 | Received a gift from Trog
 39778 | Depths:1 | Found a one-way gate leading to the halls of Pandemonium.
 40092 | Depths:1 | Reached skill level 10 in Long Blades
 40222 | Depths:1 | Found a gateway to Hell.
 40311 | Depths:1 | Found Veuni's Gadget Emporium.
 40313 | Depths:1 | Found Ycvoriqim's Jewellery Boutique.
 40314 | Depths:1 | Found Zonnudap's Gadget Emporium.
 40986 | Depths:1 | Received a gift from Trog
 41255 | Depths:2 | Noticed Saint Roka
 41516 | D:13     | Bought a scroll of identify for 22 gold pieces
 41516 | D:13     | Bought a scroll of identify for 22 gold pieces
 41699 | Vaults:1 | Identified the +1 robe of Paomuobb {+Blink +Fly rF- Slay+3} (You found it on level 1 of the Vaults)
 41920 | Vaults:1 | Reached XP level 21. HP: 116/124 MP: 28/28
 42093 | Vaults:1 | Received a gift from Trog
 42457 | Vaults:1 | Received a gift from Trog
 44118 | Vaults:2 | Received a gift from Trog
 44425 | Vaults:2 | Reached skill level 10 in Throwing
 44972 | Vaults:2 | Reached XP level 22. HP: 103/128 MP: 29/29
 45073 | Vaults:2 | Found a staircase to the Crypt.
 45230 | Vaults:2 | Received a gift from Trog
 45698 | Vaults:3 | Noticed Sojobo
 45725 | Vaults:3 | Killed Sojobo
 45890 | Vaults:3 | Noticed Boris
 45915 | Vaults:3 | Killed Boris
 45965 | Vaults:3 | Identified the +2 leather armour of the Spheres {Str+3 SInv} (You found it on level 3 of the Vaults)
 46053 | Vaults:3 | Identified the amulet of Conversion {Spirit Str+4} (You found it on level 3 of the Vaults)
 46057 | Vaults:3 | Received a gift from Trog
 46425 | Vaults:3 | Received a gift from Trog
 47095 | Vaults:3 | Found a portal to a secret trove of treasure.
 47781 | Orc:2    | Bought the Papyrus of Poisonous Dislocation for 1078 gold pieces
 47822 | Orc:1    | Received a gift from Trog
 48155 | Vaults:3 | You paid a toll of the Papyrus of Poisonous Dislocation to enter a treasure trove
 48156 | Trove    | Entered a treasure trove
 48161 | Trove    | Got a heavily runed glass ring
 48168 | Trove    | Got a fine golden ring
 48170 | Trove    | Got a glittering pewter amulet
 48172 | Trove    | Got a translucent ivory ring
 48177 | Trove    | Got a heavily runed bronze amulet
 48184 | Trove    | Got a clouded iron ring
 48195 | Trove    | Got a ring of the Octopus King
 48396 | D:13     | Bought a scroll of identify for 22 gold pieces
 48396 | D:13     | Bought a scroll of identify for 22 gold pieces
 48396 | D:13     | Bought a scroll of identify for 22 gold pieces
 48396 | D:13     | Identified the ring "Mirir" {rElec rPois rF- SInv Stlth+} (You found it in a treasure trove)
 48397 | D:13     | Identified the amulet "Qefus" {Spirit *Drain +Fly rElec rN+} (You found it in a treasure trove)
 48398 | D:13     | Identified the amulet "Voiph" {Reflect Int+5 SH+4} (You found it in a treasure trove)
 48546 | Orc:2    | Bought a scroll of identify for 28 gold pieces
 48546 | Orc:2    | Identified the ring "Omeobyk" {+Fly rPois MR+ Int-2 Dex+2} (You found it in a treasure trove)
 48625 | Orc:2    | Bought a scroll of identify for 34 gold pieces
 48625 | Orc:2    | Identified the ring "Kibbomys" {MR+ Int+2} (You found it in a treasure trove)
 48773 | Snake:1  | Bought a scroll of identify for 28 gold pieces
 48773 | Snake:1  | Identified the ring of Gatreab {rPois AC+4} (You found it in a treasure trove)
 49303 | Vaults:4 | Reached XP level 23. HP: 128/137 MP: 33/33
 49696 | Vaults:4 | Killed from afar by a fire giant

Skill      XL: |  1  2  3  4  5  6  7  8  9 10 11 12 13 14 15 16 17 18 19 20 21 22 23 |
---------------+----------------------------------------------------------------------+-----
Short Blades   | 5 6 7 8 9 11 12 14 | 14.3
Dodging        | 7 10 11 14 | 14.2
Throwing       | 4 7 11 12 | 12.5
Fighting       | 9 10 12 13 | 13.0
Evocations     | 8 10 14 | 14.6
Armour         | 7 8 9 11 | 11.2
Crossbows      | 9 11 16 18 | 18.0
Shields        | 6 11 13 | 13.0
Long Blades    | 6 11 13 | 13.2

Action                   |  1- 3 |  4- 6 |  7- 9 | 10-12 | 13-15 | 16-18 | 19-21 | 22-24 || total
-------------------------+-------+-------+-------+-------+-------+-------+-------+-------++-------
Melee: Short sword       |   116 |   196 |   468 |  1365 |   206 |    29 |       |       ||  2380
       Kick              |       |       |       |   119 |       |       |       |       ||   119
       Unarmed           |       |       |       |     5 |       |       |       |       ||     5
       Mace              |       |       |       |    30 |       |       |       |       ||    30
       Dagger            |       |       |       |    13 |    36 |       |       |       ||    49
       Rapier            |       |       |       |       |   703 |     1 |       |       ||   704
       Demon blade       |       |       |       |       |   121 |   604 |  1701 |   503 ||  2929
 Fire: Arbalest          |       |       |       |       |   463 |   693 |    90 |       ||  1246
       Hand crossbow     |       |       |       |       |       |       |   445 |   134 ||   579
Throw: Tomahawk          |     3 |    15 |    45 |   191 |    74 |    30 |    68 |    41 ||   467
Invok: Berserk           |     2 |     4 |     8 |    10 |     1 |       |       |       ||    25
       Trog's Hand       |       |     1 |     2 |     3 |     6 |     7 |     4 |     2 ||    25
       Brothers in Arms  |       |       |       |     5 |     2 |     5 |     6 |     1 ||    19
       Burn Spellbooks   |       |       |       |       |     1 |     1 |     2 |     2 ||     6
 Abil: Evoke Invisibilit |       |       |       |       |     2 |       |       |       ||     2
       Evoke Flight      |       |       |       |       |       |       |     5 |       ||     5
Evoke: Wand              |       |       |       |     6 |    19 |    17 |     9 |     2 ||    53
       Box of beasts     |       |       |       |       |     2 |       |       |       ||     2
       Lamp of fire      |       |       |       |       |       |     1 |     2 |     2 ||     5
  Use: Scroll            |       |     5 |     3 |     7 |    24 |    19 |    25 |    11 ||    94
       Potion            |       |       |       |     9 |     5 |     3 |       |     3 ||    20
 Stab: Sleeping          |     1 |     4 |     1 |     2 |       |       |       |       ||     8
       Paralysed         |       |       |       |     3 |     8 |     1 |       |    10 ||    22
       Confused          |       |       |       |     3 |     1 |       |     2 |       ||     6
       Distracted        |       |       |       |     2 |     1 |       |     1 |     1 ||     5
  Eat: Chunk             |     2 |    17 |    12 |    46 |    48 |    21 |    41 |    18 ||   205
       Meat ration       |       |       |       |       |       |     1 |       |       ||     1
       Royal jelly       |       |       |       |       |       |     1 |       |       ||     1
Armor: Animal skin       |    36 |    30 |    21 |       |       |       |       |       ||    87
       Robe              |       |       |    64 |    21 |       |       |       |       ||    85
       Leather armour    |       |       |       |   129 |   144 |       |       |       ||   273
       Quicksilver drago |       |       |       |       |    42 |   185 |   207 |    40 ||   474
Dodge: Dodged            |   114 |   109 |   365 |   804 |   903 |   939 |  1054 |   195 ||  4483
Block: Other             |       |       |       |       |       |   101 |    51 |       ||   152
       Reflection        |       |       |       |       |       |    30 |    93 |    36 ||   159
       Shield            |       |       |       |       |       |    35 |  1441 |   369 ||  1845
       Rpst.: Demon blade |       |       |       |       |    30 |   167 |   200 |    28 ||   425
